 Dungeon Crawl Stone Soup version 0.25.1-2-g60ff931df9 (webtiles) character file.

Game seed: 6729353896830079301

2678 moonlapse the Fighter (level 9, -8/89 HPs)
             Began as a Red Draconian Assassin on Nov 1, 2020.
             Was a Believer of Okawaru.
             Killed by divine providence
             ... invoked by a smoke demon
              (12 damage)
             ... on level 2 of the Abyss.
             The game lasted 00:14:35 (9329 turns).

moonlapse the Fighter (Red Draconian Assassin)      Turns: 9329, Time: 00:14:35

Health: -8/89      AC: 11    Str: 14    XL:     9   Next: 37%
Magic:  9/9        EV: 11    Int: 14    God:    Okawaru [**....]
Gold:   318        SH:  0    Dex: 13    Spells: 8/8 levels left

rFire    + . .     SeeInvis .   r - +0 whip (elec)
rCold    . . .     Gourm    .   (no shield)
rNeg     . . .     Faith    .   (armour unavailable)
rPois    .         Spirit   .   (helmet restricted)
rElec    .         Reflect  .   H - +1 cloak {rCorr}
rCorr    +         Harm     .   o - +1 pair of gloves
MR       .....                  (no boots)
Stlth    ++........             (no amulet)
HPRegen  0.24/turn              (no ring)
MPRegen  0.11/turn              (no ring)

@: no status effects
A: breathe fire, unfitting armour, fire resistance 1, cold-blooded, AC +7
a: Breathe Fire, Heroism, Renounce Religion


You were on level 2 of the Abyss.
You worshipped Okawaru.
Okawaru was pleased with you.
You were not hungry.

You visited 2 branches of the dungeon, and saw 10 of its levels.
You visited the Abyss 1 time.

You collected 490 gold pieces.
You spent 172 gold pieces at shops.

Inventory:

Hand Weapons
 a - a +2 dagger
 r - a +0 whip of electrocution (weapon)
   (You took it off an orc on level 3 of the Dungeon)
Missiles
 c - 14 poisoned darts (quivered)
 m - 7 boomerangs
 s - 3 silver boomerangs
 y - a curare-tipped dart
 I - 7 javelins
Armour
 o - a +1 pair of gloves (worn)
   (You found it on level 3 of the Dungeon)
 H - a +1 cloak of preservation (worn)
   (You bought it in a shop on level 6 of the Dungeon)
Magical Staves
 q - an uncursed staff of wizardry {unknown}
   (You found it on level 3 of the Dungeon)
Jewellery
 j - an uncursed ring of flight {unknown}
   (You found it on level 1 of the Dungeon)
 G - a cursed ring of teleportation {unknown}
   (You found it on level 6 of the Dungeon)
Wands
 l - a wand of random effects (17)
   (You found it on level 2 of the Dungeon)
 u - a wand of polymorph (9)
   (You took it off Natasha on level 3 of the Dungeon)
 B - a wand of enslavement (6)
   (You found it on level 5 of the Dungeon)
 L - a wand of iceblast (10)
   (You found it on level 7 of the Dungeon)
Scrolls
 b - 3 scrolls of teleportation {unknown}
 g - a scroll of enchant armour {unknown}
 h - 2 scrolls of blinking {unknown}
 i - 10 scrolls of identify {unknown}
 p - a scroll of noise {unknown}
 t - a scroll of fog
 x - 2 scrolls of amnesia {unknown}
 A - 2 scrolls of immolation {!r}
 D - 3 scrolls of magic mapping {unknown}
 E - a scroll of random uselessness
 O - a scroll of enchant weapon {unknown}
Potions
 d - a potion of berserk rage {unknown}
 e - 3 potions of degeneration {unknown}
 k - 2 potions of invisibility {unknown}
 n - 2 potions of curing {unknown}
 v - 2 potions of stabbing {unknown}
 w - 3 potions of mutation {unknown}
 z - a potion of brilliance {unknown}
 C - 2 potions of flight {unknown}
 F - a potion of lignification {unknown}
 J - a potion of ambrosia {unknown}
 K - 2 potions of cancellation {unknown}
Comestibles
 f - 11 rations


   Skills:
 + Level 11.1 Fighting
 - Level 2.0 Short Blades
 + Level 7.9 Maces & Flails
 - Level 1.7 Throwing
 - Level 0.8 Dodging
 - Level 3.6 Stealth


You had 8 spell levels left.
You didn't know any spells.
Your spell library contained the following spells:

 Spells                   Type           Power        Failure   Level  Hunger
 Magic Dart               Conj           #...         28%         1    ##.....
 Summon Small Mammal      Summ           #...         28%         1    ##.....
 Blink                    Tloc           N/A          41%         2    ###....
 Call Imp                 Summ           #.......     41%         2    ###....
 Slow                     Hex            #.......     41%         2    ###....
 Call Canine Familiar     Summ           #.......     65%         3    ####...
 Conjure Flame            Conj/Fire      #.......     65%         3    ####...
 Mephitic Cloud           Conj/Pois/Air  #.......     65%         3    ####...
 Summon Guardian Golem    Hex/Summ       #.......     65%         3    ####...
 Summon Ice Beast         Ice/Summ       #.......     96%         4    #####..
 Summon Lightning Spire   Summ/Air       #.......     96%         4    #####..


Dungeon Overview and Level Annotations

Branches:
Dungeon (9/15)             Temple (1/1) D:4            Lair (0/6) D:8
    Orc: D:9-12

Altars:
Ashenzari
Cheibriados
Dithmenos
Elyvilon
Fedhas
Gozag
Hepliaklqana
Kikubaaqudgha
Makhleb
Nemelex Xobeh
Okawaru
Ru
Sif Muna
Uskayaw
Vehumet
Wu Jian
Xom
Yredelemnul
Zin
The Shining One

Shops:
D:4 *   D:6 [   D:9 =

Annotations:
D:8 Joseph, Psyche


Innate Abilities, Weirdness & Mutations

You can breathe blasts of fire.
Your fiery red scales are hard. (AC +7)
You cannot fit into any form of body armour.
Your flesh is heat resistant. (rF+)
You are cold-blooded and may be slowed by cold attacks.


Message History

Joseph unwields a +0 quarterstaff.
Joseph wields a +0 hunting sling.
Joseph shoots a sling bullet.
The sling bullet hits you. Psyche hits you but does no damage.
You blink.
The centaur shoots an arrow.
The arrow hits you but does no damage.
Joseph shoots a sling bullet.
The sling bullet hits you.
Found a burning altar of Makhleb and a sacrificial altar of Ru.
Things that are here:
a sling bullet; an arrow You take 10 damage, and have 79/89 hp.
Unknown command.
Psyche hits you but does no damage.
You blink.
You hit the centaur.
The centaur unwields a +0 shortbow.
The centaur hits you.
Joseph shoots a sling bullet.
The sling bullet hits you.
You take 8 damage, and have 71/89 hp.
An orc wizard comes into view. It is wielding a +0 dagger.
The centaur barely misses you.
Joseph shoots a sling bullet.
The sling bullet hits you!
Psyche hits you with a +4 dagger of distortion.
You blink.
You take 15 damage, and have 56/89 hp.
The centaur wields a +0 shortbow.
The centaur shoots an arrow.
The arrow hits you!
Joseph shoots a sling bullet.
The sling bullet hits you!
* * * LOW HITPOINT WARNING * * *
The orc warrior hits you with a +0 battleaxe.
* * * LOW HITPOINT WARNING * * *
Things that are here:
a sling bullet; an arrow You take 34 damage, and have 22/89 hp.
MASSIVE DAMAGE!!
You feel much better.
Joseph shoots a sling bullet.
The sling bullet hits you.
You regained 23 hp, and now have 45/89 hp.
As you read the scroll labeled CEUFICLIYQ, it crumbles to dust.
The scroll dissolves into smoke.
It was a scroll of fog.
Psyche hits you but does no damage. Space bends around you.
The centaur unwields a +0 shortbow.
The centaur barely misses you.
Psyche hits you with a +4 dagger of distortion!
Space warps horribly around you!!
* * * LOW HITPOINT WARNING * * *
You take 31 damage, and have 14/89 hp.
MASSIVE DAMAGE!!
You feel much better.
Psyche hits you with a +4 dagger of distortion.
You blink.
Joseph shoots a sling bullet.
The sling bullet hits you but does no damage.
You regained 17 hp, and now have 31/89 hp.
As you read the scroll labeled CYEV LUXIOGH, it crumbles to dust.
The creatures around you are filled with an inner flame!
It was a scroll of immolation.
Psyche bursts into tears.
Psyche points at you and mumbles some strange words.
The puff of frost hits you.
Joseph shoots a sling bullet.
The sling bullet hits you but does no damage.
You take 4 damage, and have 27/89 hp.
As you read the scroll labeled DAJESU HEGI, it crumbles to dust.
The dust glows shimmering cobalt blue!
It was a scroll of random uselessness.
Psyche casts a spell at you. The magic dart hits you.
* * * LOW HITPOINT WARNING * * *
Joseph shoots a sling bullet.
The sling bullet misses you.
You take 4 damage, and have 23/89 hp.
You feel much better.
The centaur wields a +0 shortbow.
The centaur shoots an arrow.
The arrow closely misses you.
The orc wizard shouts!
You regained 25 hp, and now have 48/89 hp.
As you read the scroll labeled DYCITON VAIM, it crumbles to dust.
You feel blessed for a moment.
It was a scroll of remove curse.
You hear a shout!
Psyche gestures at you while chanting.
The puff of flame hits you but does no damage.
The orc warrior hits you with a +0 battleaxe!!
* * * LOW HITPOINT WARNING * * *
You take 22 damage, and have 26/89 hp.
MASSIVE DAMAGE!!
You feel much better.
Psyche hits you with a +4 dagger of distortion!
Space bends around you.
The orc warrior hits you with a +0 battleaxe!!
* * * LOW HITPOINT WARNING * * *
The centaur unwields a +0 shortbow.
The centaur closely misses you. Psyche hits you but does no damage.
You are cast into the Abyss!
To return, you must find a gate leading back.
Killing monsters will force the Abyss to allow you passage.
This branch contains the abyssal rune of Zot.
You take 12 damage, and have 14/89 hp.
You see here 3 silver boomerangs.
s - 3 silver boomerangs A smoke demon comes into view.
The smoke demon roars!
The smoke demon gestures at you. Something smites you!
* * * LOW HITPOINT WARNING * * *
You take 12 damage, and have 4/89 hp.
The smoke demon gestures at you. Something smites you!
You die...

. .##......# ..
.##....... .# . .
........#รท.#...
.....8#..#
#......## #..
#.###..### . ..
#......# #
...##...#.#.##.##
#.#..........@...#
#.
.###3##....##### .
# #. #.....
.#....#..#
##..#...#..
...#!.# ... #. #.#
.#.


You could see a smoke demon.

Vanquished Creatures
  2 water moccasins
  Duvessa (D:4)
  2 phantoms
  3 ogres (D:6)
  2 centaurs
  3 bullfrogs
  A wyvern zombie (D:7)
  Dowan (D:4)
  A water moccasin zombie (D:7)
  5 scorpions
  3 killer bees (D:7)
  A howler monkey (D:6)
  2 crimson imps
  2 hounds
  2 jellies (D:6)
  4 orc priests
  3 iguanas
  2 orc wizards
  Natasha (thrice) (D:3)
  6 worker ants
  2 hound zombies (D:6)
  2 hound skeletons
  2 worker ant zombies (D:7)
  Robin (D:3)
  3 gnolls (D:6)
  9 adders
  3 shadow imps
  An ooze (D:6)
  4 adder zombies
  4 worms
  3 dart slugs
  3 leopard geckos
  19 orcs
  7 bats
  12 giant cockroaches
  10 goblins
  10 hobgoblins
  3 jackals (D:1)
  8 kobolds
  4 quokkas
  3 frilled lizards
  A leopard gecko skeleton (D:4)
  A quokka skeleton (D:4)
  3 rats
167 creatures vanquished.

Notes
Turn   | Place    | Note
-------+----------+-------------------------------------------
     0 | D:1      | moonlapse the Draconian Assassin began the quest for the
                  | Orb.
     0 | D:1      | Reached XP level 1. HP: 17/17 MP: 1/1
   161 | D:1      | Reached skill level 3 in Fighting
   265 | D:1      | Reached XP level 2. HP: 26/26 MP: 2/2
  1025 | D:2      | Reached XP level 3. HP: 33/33 MP: 3/3
  1143 | D:2      | Reached skill level 4 in Fighting
  1285 | D:2      | Found a transporter.
  1289 | D:2      | Found a radiant altar of Vehumet.
  1290 | D:2      | Found a transporter.
  1315 | D:2      | Found a shadowy altar of Dithmenos.
  1482 | D:2      | Reached XP level 4. HP: 40/41 MP: 4/4
  1483 | D:2      | Reached skill level 5 in Fighting
  1833 | D:2      | Found a shattered altar of Ashenzari.
  2034 | D:2      | Found a snail-covered altar of Cheibriados.
  2124 | D:2      | Noticed a bullfrog
  2152 | D:2      | Killed a bullfrog
  2152 | D:2      | Reached skill level 6 in Fighting
  2152 | D:2      | Reached XP level 5. HP: 49/50 MP: 5/5
  2177 | D:2      | Found a hide-covered altar of Uskayaw.
  2682 | D:3      | Noticed Natasha
  2687 | D:3      | Killed Natasha
  2780 | D:3      | Noticed Natasha
  2792 | D:3      | Killed Natasha
  2978 | D:3      | Reached skill level 7 in Fighting
  2986 | D:3      | Reached XP level 6. HP: 36/60 MP: 6/6
  3254 | D:3      | Reached skill level 1 in Maces & Flails
  3621 | D:3      | Noticed Natasha
  3637 | D:3      | Killed Natasha
  3716 | D:4      | Found a glowing golden altar of the Shining One.
  3751 | D:4      | Noticed Robin
  3781 | D:3      | Killed Robin
  3781 | D:3      | Reached skill level 2 in Maces & Flails
  4129 | D:4      | Found a staircase to the Ecumenical Temple.
  4138 | Temple   | Entered the Ecumenical Temple
  4353 | Temple   | Became a worshipper of Warmaster Okawaru
  4514 | D:4      | Noticed Duvessa
  4514 | D:4      | Noticed Dowan
  4685 | D:4      | Killed Duvessa
  4685 | D:4      | Your scales start taking on a fiery red colour.
  4685 | D:4      | Reached XP level 7. HP: 40/67 MP: 7/7
  4685 | D:4      | Gained mutation: Your flesh is heat resistant. (rF+) [Red
                  | Draconian growth]
  4912 | D:4      | Killed Dowan
  4912 | D:4      | Reached skill level 8 in Fighting
  4912 | D:4      | Reached skill level 3 in Maces & Flails
  5273 | D:4      | Found Adiukuch's General Store.
  5577 | D:4      | Found a white marble altar of Elyvilon.
  5772 | D:4      | Found a shimmering altar of Xom.
  5816 | D:5      | Entered Level 5 of the Dungeon
  5989 | D:5      | Reached skill level 4 in Maces & Flails
  6334 | D:5      | Reached * piety under Okawaru
  6560 | D:6      | Reached skill level 9 in Fighting
  6560 | D:6      | Reached XP level 8. HP: 72/78 MP: 8/8
  6630 | D:6      | Reached skill level 5 in Maces & Flails
  6701 | D:6      | Found an iron altar of Okawaru.
  7128 | D:6      | Reached skill level 6 in Maces & Flails
  7211 | D:6      | Found Etor's Antique Armour Shoppe.
  7219 | D:6      | Bought an embroidered cloak for 172 gold pieces
  7422 | D:6      | Reached ** piety under Okawaru
  7546 | D:6      | Reached skill level 10 in Fighting
  7703 | D:6      | You fall into a shaft and drop 3 floors!
  7717 | D:9      | Found Solef's Jewellery Shoppe.
  7748 | D:8      | Found a staircase to the Lair.
  8397 | D:7      | Reached skill level 7 in Maces & Flails
  8397 | D:7      | Reached XP level 9. HP: 86/86 MP: 9/9
  9031 | D:7      | Reached skill level 11 in Fighting
  9231 | D:8      | Noticed Psyche
  9304 | D:8      | Noticed Joseph
  9309 | D:8      | Found a burning altar of Makhleb.
  9309 | D:8      | Found a sacrificial altar of Ru.
  9313 | D:8      | HP: 22/89 [orc warrior/+0 battleaxe (3)]
  9321 | D:8      | HP: 14/89 [orc warrior/+0 battleaxe (26)]
  9321 | D:8      | Cast into level 2 of the Abyss (Psyche)
  9328 | Abyss:2  | Noticed a smoke demon
  9328 | Abyss:2  | HP: 4/89 [smoke demon/divine providence (12)]
  9329 | Abyss:2  | Killed from afar by a smoke demon

Illustrated notes

Levels and vault maps discovered:
D:1:      lightli_arrival_maybe_door_vault, layout_basic
D:2:      layout_rooms, gammafunk_temple_overflow_arena, kennysheep_slug_shrine,
          eat_drink_and_be_merry_uskayaw, grunt_dithmenos_smoke_and_mirrors,
          evilmike_ruin_ashenzari
D:3:      layout_loops_ring, uniq_natasha
D:4:      layout_gridville, marbit_many_paths, lemuel_crystal_altar,
          kennysheep_mini_moat, minmay_temple_entry_arrows, serial_shops,
          nicolae_shop_stone, uniq_duvessa, uniq_robin
D:5:      layout_basic, first_ration
D:6:      layout_basic, serial_shops, shop, okawaru_metal_pillars_1_2
D:7:      layout_basic
D:8:      layout_rooms, nicolae_overflow_hidden_temple,
          lemuel_coloured_pillars_altar, grunt_temple_overflow_open,
          serial_shops, shop, shop, shop, shop, uniq_joseph, uniq_pikel,
          uniq_grum, uniq_psyche
D:9:      minmay_recursive_quarters, layout_stronghold, gammafunk_ghost_grave,
          serial_shops, shop, shop_coins, kennysheep_generic_room_5,
          uniq_harold, uniq_erolcha
Temple:   dpeg_chambers_temple
Abyss:2:  base: D:4, base: D:10, hangedman_abyss_feature_spike,
          lemuel_flamethrower_2

Skill      XL: |  1  2  3  4  5  6  7  8  9 |
---------------+----------------------------+-----
Fighting       | 3 4 6 7 9 10 11 | 11.1
Maces & Flails | 2 4 7 |  7.9
Short Blades   | |  2.0
Throwing       | |  1.7
Dodging        | |  0.8
Stealth        | |  3.6

Action                   |  1- 3 |  4- 6 |  7- 9 || total
-------------------------+-------+-------+-------++-------
Melee: Dagger            |    86 |    94 |       ||   180
       Tailslap          |    12 |    14 |    24 ||    50
       Whip              |       |    75 |   236 ||   311
Throw: Dart              |       |   174 |   284 ||   458
 Abil: Breathe Fire      |       |       |     8 ||     8
  Use: Potion            |       |     1 |     4 ||     5
       Scroll            |       |       |     4 ||     4
 Stab: Sleeping          |     2 |       |     1 ||     3
  Eat: Chunk             |     2 |    10 |    12 ||    24
       Ration            |       |       |     1 ||     1
Armor: Skin              |    31 |    70 |    67 ||   168
Dodge: Dodged            |    51 |    67 |   102 ||   220

Levels and vault maps discovered:
D:1:      lightli_arrival_maybe_door_vault, layout_basic
D:2:      layout_rooms, gammafunk_temple_overflow_arena, kennysheep_slug_shrine,
          eat_drink_and_be_merry_uskayaw, grunt_dithmenos_smoke_and_mirrors,
          evilmike_ruin_ashenzari
D:3:      layout_loops_ring, uniq_natasha
D:4:      layout_gridville, marbit_many_paths, lemuel_crystal_altar,
          kennysheep_mini_moat, minmay_temple_entry_arrows, serial_shops,
          nicolae_shop_stone, uniq_duvessa, uniq_robin
D:5:      layout_basic, first_ration
D:6:      layout_basic, serial_shops, shop, okawaru_metal_pillars_1_2
D:7:      layout_basic
D:8:      layout_rooms, nicolae_overflow_hidden_temple,
          lemuel_coloured_pillars_altar, grunt_temple_overflow_open,
          serial_shops, shop, shop, shop, shop, uniq_joseph, uniq_pikel,
          uniq_grum, uniq_psyche
D:9:      minmay_recursive_quarters, layout_stronghold, gammafunk_ghost_grave,
          serial_shops, shop, shop_coins, kennysheep_generic_room_5,
          uniq_harold, uniq_erolcha
Temple:   dpeg_chambers_temple
Abyss:2:  base: D:4, base: D:10, hangedman_abyss_feature_spike,
          lemuel_flamethrower_2

Table legend:
 A = Turns spent in this place as a percentage of turns spent in the entire game.
 B = Non-inter-level travel turns spent in this place as a percentage of non-inter-level travel turns spent in the entire game.
 C = Inter-level travel turns spent in this place as a percentage of turns spent in this place.
 D = Turns resting spent in this place as a percentage of non-inter-level travel turns spent in this place.
 E = Turns spent auto-exploring this place as a percentage of non-inter-level travel turns spent in this place.
 F = Non-inter-level travel turns spent in this place divided by the number of levels of this place that you've seen.
                   A       B       C       D       E      F
               +-------+-------+-------+-------+-------+----------------------
         Total | 100.0 | 100.0 |   2.3 |  25.2 |  56.2 | 829.0
       Dungeon |  97.4 |  97.6 |   2.0 |  25.8 |  55.3 | 989.0
        Temple |   2.6 |   2.3 |  12.1 |   0.0 |  97.6 | 210.0
         Abyss |   0.1 |   0.1 |   0.0 |   0.0 |   0.0 |   8.0
               +-------+-------+-------+-------+-------+----------------------

Table legend:
 A = Kills in this place as a percentage of kills in entire the game.
 B = Kills by you in this place as a percentage of kills by you in the entire game.
 C = Kills by friends in this place as a percentage of kills by friends in the entire game.
 D = Other kills in this place as a percentage of other kills in the entire game.
 E = Experience gained in this place as a percentage of experience gained in the entire game.
 F = Experience gained in this place divided by the number of levels of this place that you have seen.
                   A       B       C       D       E      F
               +-------+-------+-------+-------+-------+----------------------
         Total | 100.0 | 100.0 |   N/A |   N/A | 100.0 | 347.9
       Dungeon | 100.0 | 100.0 |   N/A |   N/A | 100.0 | 425.2
               +-------+-------+-------+-------+-------+----------------------
